 Dungeon Crawl Stone Soup version 0.20.1-1-g8b1a95d (webtiles) character file.

4856 dvd the Carver (level 10, -3/79 HPs)
             Began as a Barachi Fighter on Sept 22, 2017.
             Was an Elder of Cheibriados.
             Slain by a basilisk (13 damage)
             ... on level 9 of the Dungeon.
             The game lasted 00:22:49 (7357 turns).

dvd the Carver (Barachi Fighter)                    Turns: 7357, Time: 00:22:49

Health: -3/79      AC: 18    Str: 28    XL:     10   Next: 50%
Magic:  8/10       EV: 10    Int: 17    God:    Cheibriados [****..]
Gold:   484        SH: 13    Dex: 23    Spells: 9/9 levels left

rFire    . . .     SeeInvis .   a - +6 long sword
rCold    + . .     Gourm    .   c - +0 shield
rNeg     . . .     Faith    .   B - +4 chain mail
rPois    .         Spirit   .   (no helmet)
rElec    .         Reflect  .   (no cloak)
rCorr    +         Harm     .   z - +2 pair of gloves
MR       .....                  (no boots)
Stlth    ..........             (no amulet)
Regen    0.3/turn               m - ring of protection from cold
MPRegen  0.2/turn               E - ring of resist corrosion

@: very slow
A: +LOS, swims, slowness 1, strong legs 1
a: Hop, Bend Time, Temporal Distortion, Slouch, Renounce Religion


You were on level 9 of the Dungeon.
You worshipped Cheibriados.
Cheibriados was greatly pleased with you.
You were not hungry.

You visited 2 branches of the dungeon, and saw 10 of its levels.

You collected 484 gold pieces.

Inventory:

Hand Weapons
 a - a +6 long sword (weapon)
Missiles
 D - 7 tomahawks (quivered)
Armour
 c - a +0 shield (worn)
 z - a +2 pair of gloves (worn)
 B - a +4 chain mail (worn)
 F - a +2 ring mail of cold resistance
Jewellery
 m - a ring of protection from cold (left hand)
 y - an uncursed ring of ice
 E - a ring of resist corrosion (right hand)
Wands
 l - a wand of acid (5/15)
 w - a wand of lightning (0/15)
 H - a wand of paralysis (14/24)
Scrolls
 e - 6 scrolls of remove curse
 j - 3 scrolls of identify
 k - 5 scrolls of enchant armour
 n - a scroll of magic mapping
 p - 2 scrolls of blinking
 r - 2 scrolls of teleportation
Potions
 b - a potion of cancellation {unknown}
 d - a potion of might
 g - 6 potions of curing
 q - a potion of brilliance
 s - a potion of flight {unknown}
 t - a potion of agility {unknown}
 v - 2 potions of resistance {unknown}
 x - 2 potions of degeneration {unknown}
 A - 2 potions of mutation {unknown}
 C - a potion of lignification {unknown}
Books
 G - a book of Frost

   Spells                             Type                      Level
   a - Freeze                         Ice                          1
   b - Throw Frost                    Conjuration/Ice              2
   c - Ozocubu's Armour               Charms/Ice                   3
   d - Throw Icicle                   Conjuration/Ice              4
   e - Summon Ice Beast               Ice/Summoning                4
Comestibles
 f - 8 bread rations
 h - 12 royal jellies
 o - 5 meat rations
 u - 10 fruits


   Skills:
 + Level 7.5 Fighting
 + Level 11.1 Long Blades
 + Level 1.4 Throwing
 + Level 8.1 Armour
 + Level 4.0 Dodging
 + Level 0.6 Stealth
 + Level 9.0 Shields
 + Level 1.2 Evocations


You had 9 spell levels left.
You didn't know any spells.

Dungeon Overview and Level Annotations

Branches:
Dungeon (9/15)             Temple (1/1) D:6            Lair (0/6) D:9
    Orc: D:9-12

Altars:
Cheibriados
Dithmenos
Fedhas
Gozag
Hepliaklqana
Kikubaaqudgha
Makhleb
Nemelex Xobeh
Okawaru
Qazlal
Ru
Sif Muna
Trog
Uskayaw
Vehumet
Xom
Yredelemnul
The Shining One

Annotations:
D:4 appiemonkey's ghost, amateur DsFE
D:9 2 transporters


Innate Abilities, Weirdness & Mutations

Shadows flee at your approach. (+LOS)
You can swim through water.
You cover ground slowly.
You can hop short distances.


Message History

The basilisk bites you but does no damage.
The basilisk bites you. The yak gores you.
* * * LOW HITPOINT WARNING * * *
A porcupine comes into view.
The basilisk gazes at you. You resist with some effort.
The basilisk bites you but does no damage.
The yak gores you. The basilisk bites you!
* * * LOW HITPOINT WARNING * * *
The basilisk bites you but does no damage.
The yak gores you but does no damage.
You turn to flesh and can move again.
Unknown command.
You slice the yak!!
You kill the yak!
Cheibriados thoroughly appreciates the change of pace.
Your Shields skill increases to level 9!
The basilisk bites you!
You die...

#.####...#####
###.####..##
...........#
###.######'###
#.#........######
#.+.(...........#
###.............#
######......†.#
#......@†### ..
#......ll..## ....
##########.r##...PP.
##..PP..♣ #.[...[P.P
#.......♣.
#..PP..P..
#......PY.
#....P..>.


You could see 2 basilisks and a porcupine.

Vanquished Creatures
  Pikel (D:6)
  A hippogriff (D:8)
  4 yaks (D:9)
  A basilisk (D:9)
  Duvessa (D:4)
  A porcupine (D:9)
  2 phantoms
  A black bear (D:8)
  2 ice beasts
  An ogre (D:6)
  3 centaurs
  A crocodile (D:7)
  Blork the orc (D:6)
  5 bullfrogs (D:6)
  Dowan (D:4)
  A scorpion (D:6)
  12 wights
  5 killer bees (D:9)
  A howler monkey (D:7)
  2 centaur zombies
  5 crimson imps
  A quasit (D:6)
  3 hounds
  2 bullfrog skeletons
  4 iguanas
  5 jellies
  An orc priest (D:3)
  3 orc wizards
  6 worker ants
  A hound skeleton (D:4)
  A worker ant zombie (D:7)
  5 gnolls
  8 adders
  2 shadow imps
  7 oozes
  2 worms
  2 dart slugs (D:2)
  4 leopard geckos
  15 orcs
  3 bats
  2 giant cockroaches
  9 goblins
  8 hobgoblins
  10 jackals
  3 quokkas
  A ball python (D:5)
  8 frilled lizards
  A jackal skeleton (D:4)
  11 kobolds
  7 rats
187 creatures vanquished.

Vanquished Creatures (others)
  A quokka (D:6)
  A fungus (D:9)
  3 plants (D:9)
5 creatures vanquished.

Grand Total: 192 creatures vanquished

Notes
Turn   | Place    | Note
-------+----------+-------------------------------------------
     0 | D:1      | dvd the Barachi Fighter began the quest for the Orb.
     0 | D:1      | Reached XP level 1. HP: 18/18 MP: 1/1
    64 | D:1      | Reached XP level 2. HP: 25/25 MP: 2/2
   145 | D:1      | Reached XP level 3. HP: 26/30 MP: 3/3
   527 | D:2      | Reached skill level 3 in Long Blades
   535 | D:2      | Found a faded altar of an unknown god.
   549 | D:2      | Reached XP level 4. HP: 32/37 MP: 4/4
   789 | D:2      | Found a sacrificial altar of Ru.
  1687 | D:3      | Found a glowing golden altar of the Shining One.
  1687 | D:3      | Found a basalt altar of Yredelemnul.
  1688 | D:3      | Noticed an angel
  1704 | D:3      | Noticed a profane servitor
  1763 | D:3      | Reached XP level 5. HP: 32/43 MP: 5/5
  2004 | D:3      | Noticed a centaur
  2011 | D:3      | Killed a centaur
  2011 | D:3      | Reached skill level 4 in Long Blades
  2011 | D:3      | Reached skill level 1 in Dodging
  2390 | D:4      | Noticed Duvessa
  2391 | D:4      | Noticed Dowan
  2409 | D:4      | Killed Duvessa
  2409 | D:4      | Reached skill level 5 in Long Blades
  2409 | D:4      | Reached skill level 5 in Armour
  2409 | D:4      | Reached XP level 6. HP: 42/49 MP: 6/6
  2734 | D:4      | Killed Dowan
  2734 | D:4      | Reached XP level 7. HP: 38/55 MP: 7/7
  2770 | D:4      | Reached skill level 6 in Long Blades
  2959 | D:4      | Noticed appiemonkey's ghost (amateur DsFE)
  2971 | D:5      | Entered Level 5 of the Dungeon
  3971 | D:5      | Found a sparkling altar of Nemelex Xobeh.
  3971 | D:5      | Found a deep blue altar of Sif Muna.
  4113 | D:5      | Found a hazy altar of Hepliaklqana.
  4224 | D:6      | Found a staircase to the Ecumenical Temple.
  4244 | Temple   | Entered the Ecumenical Temple
  4276 | Temple   | Became a worshipper of Cheibriados the Contemplative
  4384 | D:6      | Reached skill level 5 in Fighting
  4384 | D:6      | Reached skill level 5 in Shields
  4587 | D:6      | Reached skill level 7 in Long Blades
  4677 | D:6      | Noticed Pikel
  4683 | D:6      | Reached XP level 8. HP: 52/62 MP: 8/8
  4723 | D:6      | Killed Pikel
  4723 | D:6      | Reached skill level 8 in Long Blades
  5086 | D:6      | Reached * piety under Cheibriados
  5086 | D:6      | Reached XP level 9. HP: 68/69 MP: 9/9
  5093 | D:6      | Noticed Blork the orc
  5106 | D:6      | Killed Blork the orc
  5133 | D:6      | Found a shadowy altar of Dithmenos.
  5143 | D:6      | Reached skill level 9 in Long Blades
  5721 | D:6      | Reached ** piety under Cheibriados
  6121 | D:7      | Reached skill level 10 in Long Blades
  6720 | D:8      | Reached *** piety under Cheibriados
  6720 | D:8      | Reached XP level 10. HP: 79/79 MP: 10/10
  6782 | D:8      | Found an opulent altar of Gozag.
  7035 | D:9      | Noticed a kobold demonologist
  7035 | D:9      | Noticed a kobold demonologist
  7039 | D:9      | Noticed a kobold demonologist
  7042 | D:9      | Found a transporter.
  7042 | D:9      | Noticed a deep elf knight
  7043 | D:9      | Found a transporter.
  7045 | D:9      | Noticed an orc sorcerer
  7045 | D:9      | Noticed a kobold demonologist
  7045 | D:9      | Noticed a kobold demonologist
  7045 | D:9      | Noticed a kobold demonologist
  7071 | D:9      | Reached **** piety under Cheibriados
  7076 | D:9      | Reached skill level 1 in Throwing
  7305 | D:9      | Found a staircase to the Lair.
  7314 | D:9      | Reached skill level 1 in Evocations
  7345 | D:9      | Reached skill level 11 in Long Blades
  7357 | D:9      | Slain by a basilisk

Skill      XL: |  1  2  3  4  5  6  7  8  9 10 |
---------------+-------------------------------+-----
Fighting       | 4 5 7 |  7.5
Armour         | 4 5 6 7 8 |  8.1
Long Blades    | 3 5 7 8 10 11 | 11.1
Shields        | 4 5 6 8 9 |  9.0
Dodging        | 1 2 3 4 |  4.0
Throwing       | 1 |  1.4
Evocations     | 1 |  1.2
Stealth        | |  0.6

Action                   |  1- 3 |  4- 6 |  7- 9 | 10-12 || total
-------------------------+-------+-------+-------+-------++-------
Melee: Long sword        |    85 |   158 |   502 |   119 ||   864
Throw: Tomahawk          |       |       |     3 |     7 ||    10
Invok: Bend Time         |       |       |       |     1 ||     1
 Abil: Hop               |       |       |     1 |     1 ||     2
Evoke: Wand              |       |       |       |     5 ||     5
  Use: Potion            |       |     5 |       |     2 ||     7
       Scroll            |       |       |    15 |     1 ||    16
  Eat: Chunk             |       |     7 |    12 |       ||    19
       Royal jelly       |       |       |       |     1 ||     1
Armor: Scale mail        |    39 |    52 |    47 |       ||   138
       Chain mail        |       |       |   232 |    61 ||   293
Dodge: Dodged            |    23 |    47 |   117 |    50 ||   237
Block: Shield            |    41 |    86 |   301 |    78 ||   506
       Rpst.: Long sword |     9 |    18 |    18 |    16 ||    61
